 Dungeon Crawl Stone Soup version 0.22-a0-542-gce4f928 (webtiles) character file.

39 ketsa the Chopper (level 3, -3/33 HPs)
             Began as a Deep Dwarf Berserker on June 24, 2018.
             Was a Follower of Trog.
             Slain by a worm (10 damage)
             ... on level 2 of the Dungeon.
             The game lasted 00:04:16 (1131 turns).

ketsa the Chopper (Deep Dwarf Berserker)            Turns: 1131, Time: 00:04:17

Health: -3/33      AC:  3    Str: 20    XL:     3   Next: 26%
Magic:  2/2        EV: 13    Int:  7    God:    Trog [*.....]
Gold:   36         SH:  0    Dex: 13    Spells: 2/2 levels left

rFire    . . .     SeeInvis .   a - +0 hand axe
rCold    . . .     Gourm    .   (no shield)
rNeg     . . .     Faith    .   h - +0 leather armour
rPois    .         Spirit   .   (no helmet)
rElec    .         Reflect  .   (no cloak)
rCorr    .         Harm     .   (no gloves)
MR       .....                  (no boots)
Stlth    +.........             (no amulet)
HPRegen  0.00/turn              (no ring)
MPRegen  0.08/turn              (no ring)

@: non-regenerating
A: damage resistance, heal wounds, sense surroundings 1, no regeneration
a: Heal Wounds, Berserk, Renounce Religion


You were on level 2 of the Dungeon.
You worshipped Trog.
Trog was aware of your devotion.
You were not hungry.

You visited 1 branch of the dungeon, and saw 2 of its levels.

You collected 36 gold pieces.

Inventory:

Hand Weapons
 a - a +0 hand axe (weapon)
 d - a +0 dagger
 m - a cursed -2 dagger
Missiles
 r - 37 stones (quivered)
Armour
 b - a +0 animal skin
 h - a +0 leather armour (worn)
Scrolls
 e - a scroll of teleportation {unknown}
 f - a scroll of random uselessness {unknown}
 i - a scroll of immolation {unknown}
 k - 4 scrolls of identify {unknown}
 l - a scroll of fog {unknown}
 n - a scroll of blinking {unknown}
 q - a scroll of remove curse {unknown}
 s - a scroll of fear {unknown}
Potions
 g - a potion of lignification {unknown}
 j - a potion of flight {unknown}
 o - a potion of ambrosia {unknown}
Comestibles
 c - a ration
 p - 5 chunks of flesh


   Skills:
 - Level 2.6 Fighting
 * Level 4.4 Axes
 - Level 2.1 Armour
 + Level 2.9 Dodging


You had 2 spell levels left.
You didn't know any spells.
Your spell library was empty.

Dungeon Overview and Level Annotations

Branches:
Dungeon (2/15)

Altars:


Innate Abilities, Weirdness & Mutations

You are resistant to damage.
You can heal yourself by infusing magical energy.
You passively map a small area around you.
You do not regenerate.


Message History

The worm is moderately wounded.
The worm closely misses you.
You hit the worm but do no damage.
The worm is moderately wounded.
The worm bites you!
You hit the worm.
The worm is heavily wounded.
You hit the worm but do no damage.
The worm is heavily wounded.
The worm bites you.
* * * LOW HITPOINT WARNING * * *
You barely miss the worm.
The worm is heavily wounded.
The worm closely misses you.
You slash the worm!
The worm is severely wounded.
You hit the worm.
The worm is almost dead.
The worm bites you!
You die...

##* #... .... #. #.#
.#.#...#.#.. #.# K.#
#.⌠.#....... #..
#.###.#.[.#.... #..
##.###....<.... ##..
#.⌠!###...###..
#...##.#.#.##...<...,
#?..#.#.#.#.#...# #
,#@⌠.###.♣(#..###.#
#..w#.#.#)#.#.......#
#...####)####....##.#
##.. *#.♣.##...#.#
##. ##!##....#.# ##,
#......#.# # ,
....#..#.# .#
,.....#...)##.#
####.#.##.....


You could see a worm.

Vanquished Creatures
  2 oozes (D:1)
  A worm (D:1)
  A leopard gecko (D:1)
  2 giant cockroaches (D:1)
  3 goblins (D:1)
  2 hobgoblins
  6 kobolds
  A ball python (D:1)
  3 bats
  2 frilled lizards
  A rat (D:1)
24 creatures vanquished.

Notes
Turn   | Place    | Note
-------+----------+-------------------------------------------
     0 | D:1      | ketsa the Deep Dwarf Berserker began the quest for the Orb.
     0 | D:1      | Reached XP level 1. HP: 20/20 MP: 1/1
   137 | D:1      | Reached XP level 2. HP: 20/27 MP: 2/2
   437 | D:1      | Reached skill level 4 in Axes
   913 | D:1      | Reached XP level 3. HP: 3/33 MP: 3/3
  1131 | D:2      | Slain by a worm

Vault maps used:
D:1:      dpeg_arrival_another_circle, minmay_tromino_v4_a
D:2:      grunt_decor_mini_mirrors, grunt_dithmenos_smoke, uniq_sigmund

Skill      XL: |  1  2 |
---------------+-------+-----
Axes           | 4 |  4.4
Fighting       | |  2.6
Armour         | |  2.1
Dodging        | |  2.9

Action                   || total
-------------------------++-------
Melee: Hand axe          ||    68
 Abil: Heal Wounds       ||     1
  Eat: Chunk             ||     1
Armor: Animal skin       ||     3
       Leather armour    ||     5
Dodge: Dodged            ||    45

Table legend:
 A = Spawn XP
 B = Non-spawn XP
 C = Spawn XP percentage of total XP
 D = Spawn monster count
 E = Non-spawn monster count
 F = Spawn count percentage of total count
 G = Total turns spent on level
                    A         B        C        D         E        F      G
               +---------+---------+-------+---------+---------+-------+---------
         Total |       0 |      56 |   0.0 |       0 |      24 |   0.0 |  1131
               +---------+---------+-------+---------+---------+-------+---------
           D:1 |       0 |      44 |   0.0 |       0 |      17 |   0.0 |  1065
           D:2 |       0 |      12 |   0.0 |       0 |       7 |   0.0 |    66
               +---------+---------+-------+---------+---------+-------+---------
